 Dungeon Crawl Stone Soup version 0.29.1-12-g30fa7ad0bf (webtiles) character file.

Game seed: 15414996749528859645

1078 hawla the Chiller (level 8, -2/58 HPs)
             Began as a Meteoran Ice Elementalist on Jan 14, 2023.
             Was an Initiate of Vehumet.
             Killed by divine providence
             ... invoked by an orc priest
              (9 damage)
             ... on level 8 of the Dungeon.
             The game lasted 00:12:05 (1854 turns).

hawla the Chiller (Meteoran Ice Elementalist)       Turns: 1854, Time: 00:12:07

Health: -2/58      AC:  8    Str: 10    XL:     8   Next: 84%
Magic:  3/18       EV: 13    Int: 19    God:    Vehumet [......]
Gold:   164        SH:  0    Dex: 14    Spells: 11/19 levels left

rFire   . . .      SeeInvis .   (no weapon)
rCold   . . .      Faith    .   (no shield)
rNeg    . . .      Spirit   .   a - +0 robe
rPois   .          Reflect  .   e - +0 helmet
rElec   .          Harm     .   f - +0 cloak
rCorr   .          Rampage  .   j - +2 pair of gloves
Will    +....                   u - +0 pair of boots
Stlth   +.........              (no amulet)
HPRegen 0.19/turn               g - +4 ring of slaying
MPRegen 0.16/turn               (no ring)

@: mighty, brilliant, freezing walls, glowing, invisible (but backlit and
visible)
A: sense surroundings 1, otherworldly, glowing, explore regen
a: Renounce Religion


You were on level 8 of the Dungeon.
You worshipped Vehumet.
Vehumet was noncommittal.
You visited 2 branches of the dungeon, and saw 7 of its levels.
You also visited: Sewer.

You collected 164 gold pieces.

Inventory:

Armour
 a - a +0 robe (worn)
 e - a +0 helmet (worn)
 f - a +0 cloak (worn)
 j - a +2 pair of gloves (worn)
 u - a +0 pair of boots (worn)
Jewellery
 g - a +4 ring of slaying (left hand)
 t - an amulet of the acrobat
Scrolls
 d - a scroll of blinking
 k - a scroll of magic mapping {unknown}
 p - 3 scrolls of teleportation
 s - 2 scrolls of enchant weapon
 w - a scroll of brand weapon
 x - a scroll of noise {unknown}
Potions
 b - a potion of invisibility
 c - a potion of curing {unknown}
 h - a potion of brilliance
 i - a potion of degeneration {unknown}
 l - a potion of ambrosia {unknown}
 m - 2 potions of cancellation {unknown}
 n - 2 potions of resistance {unknown}
 o - 4 potions of might
 q - 3 potions of heal wounds {unknown}
 r - a potion of haste {unknown}
 v - a potion of lignification {unknown}


   Skills:
 + Level 0.5 Fighting
 + Level 3.0 Dodging
 - Level 1.4 Stealth
 + Level 6.4 Spellcasting
 + Level 6.8 Conjurations
 + Level 7.3 Ice Magic


You had 11 spell levels left.
You knew the following spells:

 Your Spells              Type           Power      Damage    Failure   Level
a - Freeze                Ice            100%       1d11      1%          1
b - Frozen Ramparts       Ice            100%       1d16      1%          3
c - Hailstorm             Conj/Ice       49%        3d11      6%          4

Your spell library contained the following spells:

 Spells                   Type           Power      Damage    Failure   Level
 Ozocubu's Armour         Ice            50%        N/A       1%          3
 Sublimation of Blood     Necr           9%         N/A       16%         2
 Wereblood                Tmut           9%         N/A       16%         2
 Portal Projectile        Hex/Tloc       18%        N/A       32%         3
 Tukima's Dance           Hex            9%         N/A       32%         3
 Anguish                  Hex/Necr       4%         N/A       71%         4
 Blade Hands              Tmut           4%         N/A       96%         5
 Enfeeble                 Hex            4%         N/A       100%        7
 Summon Hydra             Summ           4%         N/A       100%        7


Dungeon Overview and Level Annotations

Branches:
Dungeon (8/15) Zot: 2325   Temple (1/1) D:7 Zot: 393   Sewer (visited)
   Lair: D:8-11

Altars:
Ashenzari
Cheibriados
Dithmenos
Elyvilon
Fedhas
Gozag
Hepliaklqana
Kikubaaqudgha
Makhleb
Okawaru
Qazlal
Sif Muna
Uskayaw
Vehumet
Yredelemnul
Zin
The Shining One

Annotations:
D:8 Psyche


Innate Abilities, Weirdness & Mutations

You passively map a small area around you.
You are easily found by Zot.
You glow in the dark.
You regain HP and MP as you explore.


Message History

You hit the orc warrior.
The orc warrior is almost dead.
Psyche gestures wildly while chanting.
Psyche flickers and vanishes!
Deactivating autopickup; reactivate with Ctrl-A.
The orc warrior hits you with a +0 trident!
You hit the orc warrior but do no damage.
The orc warrior is almost dead.
You hear some strange, mumbled words.
The orc warrior hits you with a +0 trident!
It was a potion of brilliance.
You feel clever all of a sudden.
The orc warrior hits you with a +0 trident.
* * * LOW HITPOINT WARNING * * *
The orc priest calls down the wrath of Beogh upon you.
Beogh smites you!
* * * LOW HITPOINT WARNING * * *
Casting: Hailstorm (dangerous; 6% risk of failure)
Confirm with . or Enter, or press ? or * to list all spells.
Casting: Frozen Ramparts (safe; 1% risk of failure)
Press: ? - help, Dir - look around, f - activate You feel a surge of power!
The walls around you are covered in ice.
The wall freezes something!
The wall freezes the orc warrior but does no damage.
The orc warrior misses you.
The wall freezes the orc priest.
It was a potion of might.
You feel very mighty all of a sudden.
The wall freezes something!
You hear some strange, mumbled words.
A swirling arc of seething chaos appears!
An arc of chaos appears from out of thin air!
The arc of chaos hits the orc priest but does no damage.
The wall freezes the orc warrior.
You kill the orc warrior!
Vehumet accepts your kill.
The wall freezes the orc priest but does no damage.
The orc priest invokes the aid of Beogh against you.
Beogh smites you!
You die...

* , * .... #..#* * #..#*
, , #..* #o. , #{#* ***
#)# #@# ######## #.#
#....... *
#.#########.#####. ,
#.#.........# #. * *
##.#.#######.#####. ,
######....###........##.
...........)..###.......
, ######....#####
#.##.### * ##.#.# #.##.#


You could see an orc priest (very drained).

Vanquished Creatures
  Sigmund (D:4)
  An orc warrior (D:8)
  3 kobold brigands
  2 bullfrogs (D:7)
  A necrophage (D:7)
  4 scorpions
  A howler monkey (D:7)
  2 iguanas
  An orc wizard (D:8)
  6 adders
  5 river rats (Sewer)
  A shadow imp (D:7)
  A dart slug (D:2)
  5 orcs
  3 endoplasms
  2 giant cockroaches (D:3)
  5 goblins
  A hobgoblin (D:1)
  3 jackals (D:2)
  4 quokkas
  9 ball pythons
  5 bats
  22 kobolds
  18 rats
106 creatures vanquished.

Notes
Turn   | Place    | Note
-------+----------+-------------------------------------------
     0 | D:1      | hawla the Meteoran Ice Elementalist began the quest for the
                  | Orb.
     0 | D:1      | Reached XP level 1. HP: 14/14 MP: 5/5
    35 | D:1      | Reached XP level 2. HP: 16/20 MP: 0/6
   249 | D:2      | Reached skill level 5 in Ice Magic
   249 | D:2      | Reached XP level 3. HP: 26/26 MP: 2/8
   253 | D:2      | Learned a level 3 spell: Frozen Ramparts
   414 | D:2      | Reached XP level 4. HP: 33/33 MP: 6/10
   550 | D:3      | Found a glowing drain.
   576 | Sewer    | Entered a sewer
   678 | Sewer    | Reached XP level 5. HP: 35/38 MP: 2/11
   752 | Sewer    | Noticed a kobold brigand
   752 | Sewer    | Noticed a kobold brigand
   758 | Sewer    | Killed a kobold brigand
   759 | Sewer    | Reached skill level 6 in Ice Magic
   759 | Sewer    | Reached XP level 6. HP: 31/45 MP: 4/14
   762 | Sewer    | Reached skill level 5 in Spellcasting
  1016 | D:4      | Reached XP level 7. HP: 45/51 MP: 10/16
  1021 | D:4      | Learned a level 4 spell: Hailstorm
  1265 | D:4      | Noticed Sigmund
  1268 | D:4      | Killed Sigmund
  1269 | D:4      | Reached skill level 5 in Conjurations
  1269 | D:4      | Reached XP level 8. HP: 54/58 MP: 5/17
  1436 | D:4      | You fall into a shaft and drop 3 floors!
  1473 | D:7      | Reached skill level 7 in Ice Magic
  1547 | D:7      | Found a staircase to the Ecumenical Temple.
  1561 | Temple   | Entered the Ecumenical Temple
  1741 | Temple   | Became a worshipper of Vehumet
  1842 | D:8      | Noticed Psyche
  1854 | D:8      | Killed from afar by an orc priest

Illustrated notes

Levels and vault maps discovered:
D:1:      dpeg_arrival_long_road, layout_rooms,
          hellmonk_ecumenical_altar_zigzags, minmay_vboxes
D:2:      minmay_evil_eye, layout_loops_corners, serial_shops,
          nicolae_diamond_shop, serial_park_tiny_2
D:3:      layout_loops_cross, nicolae_wu_jian_glorious_leap,
          gup_sewer_entry_glass, uniq_ijyb
D:4:      layout_basic, chequers_serial_rivers_micro_b, uniq_sigmund
D:7:      layout_loops_ring, mainiacjoe_overflow_paths,
          minmay_temple_entry_mini_moons, minmay_starry_boxes
D:8:      layout_loops_corners, david_lair_generic, uniq_psyche, uniq_grum
Temple:   bh_familiar_temple

Skill      XL: |  1  2  3  4  5  6  7  8 |
---------------+-------------------------+-----
Ice Magic      | 5 6 7 |  7.3
Spellcasting   | 3 4 5 6 |  6.4
Conjurations   | 5 6 |  6.8
Dodging        | 3 |  3.0
Fighting       | |  0.5
Stealth        | |  1.4

Action                   |  1- 3 |  4- 6 |  7- 9 || total
-------------------------+-------+-------+-------++-------
Melee: Unarmed           |     6 |     4 |    12 ||    22
 Cast: Freeze            |    23 |    34 |    23 ||    80
       Frozen Ramparts   |     5 |    15 |    15 ||    35
       Hailstorm         |       |       |     6 ||     6
  Use: Scroll            |     2 |     4 |       ||     6
       Potion            |     1 |       |     3 ||     4
Armor: Robe              |    17 |    17 |    15 ||    49
Dodge: Dodged            |    16 |    22 |    23 ||    61
